 Dungeon Crawl Stone Soup version 0.23.2-40-g277498a001 (webtiles) character file.

Game seed: 8435162884411753675

128 MalarOregon the Grave Robber (level 4, -2/36 HPs)
             Began as a Draconian Necromancer on Sept 10, 2019.
             Slain by Sigmund
             ... wielding a +0 scythe
              (6 damage)
             ... on level 3 of the Dungeon.
             The game lasted 00:04:24 (2632 turns).

MalarOregon the Grave Robber (DrNe)                 Turns: 2632, Time: 00:04:25

Health: -2/36      AC:  5    Str: 10    XL:     4   Next: 86%
Magic:  1/8        EV: 13    Int: 17    God:
Gold:   117        SH:  0    Dex: 14    Spells: 6/8 levels left

rFire    . . .     SeeInvis .   k - +2 short sword (drain)
rCold    . . .     Gourm    .   (no shield)
rNeg     . . .     Faith    .   (armour unavailable)
rPois    .         Spirit   .   (helmet restricted)
rElec    .         Reflect  .   (no cloak)
rCorr    .         Harm     .   (no gloves)
MR       .....                  (no boots)
Stlth    +.........             d - amulet of inaccuracy (curse)
HPRegen  0.12/turn              p - +3 ring of dexterity
MPRegen  0.11/turn              (no ring)

@: confused
A: unfitting armour, cold-blooded, AC +5
a: no special abilities


You were on level 3 of the Dungeon.
You were not hungry.

You visited 1 branch of the dungeon, and saw 3 of its levels.

You collected 117 gold pieces.

Inventory:

Hand Weapons
 h - a +1 dagger of speed
   (You took it off a kobold on level 1 of the Dungeon)
 k - a +2 short sword of draining (weapon)
   (You found it on level 2 of the Dungeon)
Jewellery
 d - a cursed amulet of inaccuracy (around neck)
   (You found it on level 1 of the Dungeon)
 p - a +3 ring of dexterity (left hand)
   (You found it on level 3 of the Dungeon)
Scrolls
 b - a scroll of remove curse {unknown}
 g - a scroll of magic mapping {unknown}
 j - a scroll of fog {unknown}
Potions
 a - a potion of lignification {unknown}
 c - 4 potions of heal wounds {unknown}
 f - a potion of mutation {unknown}
 i - a potion of flight {unknown}
 l - 2 potions of curing {unknown}
 m - a potion of magic {unknown}
 n - a potion of haste {unknown}
Comestibles
 e - 7 rations {!d}
 o - a chunk of flesh


   Skills:
 + Level 2.3 Fighting
 + Level 2.7 Dodging
 - Level 1.7 Stealth
 + Level 2.9 Spellcasting
 + Level 4.6 Necromancy


You had 6 spell levels left.
You knew the following spells:

 Your Spells              Type           Power        Failure   Level  Hunger
a - Pain                  Necr           ###.         2%          1    #......
u - Animate Skeleton      Necr           N/A          2%          1    #......

Your spell library contained the following spells:

 Spells                   Type           Power        Failure   Level  Hunger
 Vampiric Draining        Necr           ###.......   8%          3    ###....
 Regeneration             Chrm/Necr      ##........   21%         3    ###....
 Animate Dead             Necr           N/A          26%         4    #####..


Dungeon Overview and Level Annotations

Branches:
Dungeon (3/15)

Altars:
Ashenzari
Gozag

Annotations:
D:3 Sigmund


Innate Abilities, Weirdness & Mutations

Your plain brown scales are hard. (AC +5)
You cannot fit into any form of body armour.
You are cold-blooded and may be slowed by cold attacks.


Message History

You see here a +0 club.
Found a ration.
p - a marble ring
e - 7 rations {!d} (gained 1) Put on which piece of jewellery? (? for menu, Esc to quit)
You feel agile.
p - a +3 ring of dexterity (left hand)
A kobold comes into view. It is wielding a +0 club.
A kobold is nearby!
A kobold is nearby!
You can't see any susceptible monsters within range! (Use Z to cast anyway.) Sigmund the Dreaded comes into view.
He is wielding a +0 scythe.
Sigmund shouts!
The kobold shouts!
Sigmund casts a spell.
Sigmund flickers and vanishes!
Deactivating autopickup; reactivate with Ctrl-A.
Unknown command.
Aim: a kobold, wielding a +0 club (chance to defeat MR: 89%)
The kobold writhes in agony.
You kill the kobold!
Nothing appears to happen.
Something writhes in agony.
Something writhes in agony.
Something writhes in agony.
Something writhes in agony.
A rat comes into view.
Something hits you.
Something writhes in agony.
Something hits you!
* * * LOW HITPOINT WARNING * * *
Something writhes in agony.
Unknown command.
A puff of flame appears from out of thin air!
The puff of flame misses you.
Aim: a rat (chance to defeat MR: 89%)
Something writhes in agony.
The rat twitches its whiskers.
A magic dart appears from out of thin air!
The magic dart hits you.
* * * LOW HITPOINT WARNING * * *
You are confused.
You're too confused to cast spells.
Sorry, you're not good enough to have a special ability.
Unknown command.
Unknown command.
You bump into the rock wall.
Something hits you!
* * * LOW HITPOINT WARNING * * *
Something hits you.
You die...

#.# #...# #.# #...# ..# #.#
#...###.## ##.## #....##..
....# #.....#(# #..###..###..#
##....<....#..#
.รท.....###.#..##### ###....#
#.....)@.## ##...#
#.##.##...##############
#.......##.##..r..............
#..##.#.##.##...##############
#.###.#.##.###### ... # #.##.#
.#. #.##.# #. #.# #.#


You could see a rat.

Vanquished Creatures
  An iguana (D:2)
  A gnoll (D:1)
  3 adders
  2 oozes
  A worm (D:1)
  2 dart slugs (D:1)
  A leopard gecko (D:2)
  6 bats
  A giant cockroach (D:2)
  11 goblins
  5 hobgoblins
  A quokka (D:2)
  3 frilled lizards
  6 kobolds
  4 rats
48 creatures vanquished.

Notes
Turn   | Place    | Note
-------+----------+-------------------------------------------
     0 | D:1      | MalarOregon the Draconian Necromancer began the quest for
                  | the Orb.
     0 | D:1      | Reached XP level 1. HP: 14/14 MP: 3/3
     2 | D:1      | Learned a level 1 spell: Animate Skeleton
   259 | D:1      | Reached XP level 2. HP: 16/22 MP: 0/5
   464 | D:1      | Reached skill level 1 in Fighting
   608 | D:1      | Reached XP level 3. HP: 19/28 MP: 0/6
  1746 | D:2      | Found a shattered altar of Ashenzari.
  1756 | D:2      | Found an opulent altar of Gozag.
  1820 | D:2      | Reached XP level 4. HP: 34/36 MP: 7/7
  1872 | D:2      | Found a faded altar of an unknown god.
  2606 | D:3      | Noticed Sigmund
  2632 | D:3      | Slain by Sigmund

Skill      XL: |  1  2  3  4 |
---------------+-------------+-----
Dodging        | 2 |  2.7
Fighting       | 1 2 |  2.3
Stealth        | |  1.7
Spellcasting   | |  2.9
Necromancy     | |  4.6

Action                   |  1- 3 |  4- 6 || total
-------------------------+-------+-------++-------
Melee: Unarmed           |    13 |       ||    13
       Tailslap          |     5 |     2 ||     7
       Dagger            |    35 |       ||    35
       Short sword       |    18 |    50 ||    68
 Cast: Pain              |    46 |    22 ||    68
       Animate Skeleton  |     4 |       ||     4
 Stab: Sleeping          |     2 |     3 ||     5
  Eat: Chunk             |     3 |     3 ||     6
Armor: Skin              |    28 |    10 ||    38
Dodge: Dodged            |    52 |    33 ||    85
